[ AOE2 MATCH · #506029804 ]
UnrankedMalay vs Vietnamese
Player's team · LOSS
[ REPLAY ANALYSIS · EXTRACTED FROM THE RECORDED GAME ]
Feudal
9:26
Castle
21:26
Imperial
37:00
| APM avg | 53.4 |
| APM peak | 82 |
| eAPM avg | 31.6 |
| Villagers / military | 139 / 121 |
Focus
⚔️ 54.7% · 🌾 45.3%
Archer ×56 · Skirmisher ×43 · Militia ×8 · Mangonel ×8 · Spearman ×4 · Monk ×1
Feudal
8:25
Castle
19:38
Imperial
34:51
| APM avg | 51.7 |
| APM peak | 76 |
| eAPM avg | 21.1 |
| Villagers / military | 136 / 75 |
Focus
⚔️ 40.5% · 🌾 59.5%
Archer ×50 · Mangonel ×6 · Skirmisher ×6 · Trebuchet (Packed) ×4 · Scout Cavalry ×3 · Monk ×2
Match map
Initial resources + every placement click. Lines = walls · curves = elevation contours. ◆ gold · ⬟ stone · ● berries · ✦ relic · ◌ wall gap
Your base· Open — 5t gap
老爱国炸鱼号's base· Open — 1t gap
Smoothed initial terrain · ◌ = detected wall gap · hover for details
Inputs per minute
— 肥猪头 - - 老爱国炸鱼号
Build order — 肥猪头
First 150 of 417 actions detected
| 0:00 | Queue | Villager (Male) |
| 0:00 | Queue | Villager (Male) |
| 0:02 | Build | House |
| 0:03 | Build | House |
| 0:07 | Queue | Villager (Male) |
| 0:12 | Queue | Villager (Male) |
| 1:25 | Build | Lumber Camp |
| 1:33 | Queue | Villager (Male) |
| 2:03 | Queue | Villager (Male) |
| 2:03 | Queue | Villager (Male) |
| 2:24 | Queue | Villager (Male) |
| 2:35 | Queue | Villager (Male) |
| 2:35 | Queue | Villager (Male) |
| 3:02 | Build | House |
| 3:09 | Queue | Villager (Male) |
| 3:30 | Queue | Villager (Male) |
| 3:34 | Queue | Villager (Male) |
| 4:10 | Queue | Villager (Male) |
| 4:21 | Queue | Villager (Male) |
| 4:44 | Build | Barracks |
| 4:52 | Queue | Villager (Male) |
| 5:28 | Build | House |
| 5:34 | Queue | Villager (Male) |
| 5:38 | Queue | Militia |
| 5:38 | Queue | Militia |
| 5:56 | Queue | Militia |
| 5:57 | Queue | Villager (Male) |
| 6:04 | Queue | Villager (Male) |
| 6:47 | Build | House |
| 7:04 | Build | Mill |
| 7:08 | Queue | Villager (Male) |
| 7:38 | Research | Loom |
| 7:45 | Build | Mining Camp |
| 8:08 | Research | Feudal Age |
| 8:49 | Build | House |
| 8:58 | Queue | Militia |
| 9:26 | Age | Feudal Age |
| 9:30 | Queue | Villager (Male) |
| 9:31 | Research | Double-Bit Axe |
| 9:33 | Queue | Spearman |
| 9:39 | Queue | Villager (Male) |
| 9:47 | Queue | Villager (Male) |
| 9:54 | Research | Man-at-Arms (upgrade) |
| 10:15 | Build | Palisade Wall |
| 10:15 | Queue | Villager (Male) |
| 10:19 | Build | Palisade Wall |
| 10:23 | Build | Palisade Wall |
| 10:31 | Queue | Villager (Male) |
| 10:36 | Build | Archery Range |
| 10:38 | Build | Palisade Wall |
| 10:39 | Build | Palisade Wall |
| 10:40 | Build | Palisade Wall |
| 10:42 | Build | Palisade Wall |
| 10:44 | Queue | Villager (Male) |
| 11:05 | Queue | Villager (Male) |
| 11:16 | Queue | Villager (Male) |
| 11:31 | Build | House |
| 11:40 | Research | Arson |
| 11:43 | Queue | Archer |
| 11:43 | Queue | Archer |
| 11:46 | Queue | Villager (Male) |
| 11:58 | Build | Watch Tower |
| 12:04 | Build | Farm |
| 12:06 | Build | Farm |
| 12:12 | Queue | Archer |
| 12:14 | Queue | Spearman |
| 12:16 | Queue | Villager (Male) |
| 12:22 | Queue | Villager (Male) |
| 12:30 | Build | Farm |
| 12:41 | Queue | Archer |
| 12:47 | Queue | Villager (Male) |
| 13:08 | Queue | Archer |
| 13:08 | Queue | Archer |
| 13:12 | Queue | Villager (Male) |
| 13:18 | Build | House |
| 13:19 | Queue | Villager (Male) |
| 13:20 | Build | House |
| 13:34 | Build | Blacksmith |
| 13:54 | Queue | Spearman |
| 13:55 | Queue | Archer |
| 14:04 | Queue | Villager (Male) |
| 14:04 | Queue | Villager (Male) |
| 14:13 | Build | Farm |
| 14:14 | Build | Farm |
| 14:18 | Queue | Villager (Male) |
| 14:22 | Queue | Spearman |
| 14:31 | Build | Farm |
| 14:36 | Research | Fletching |
| 14:39 | Build | Farm |
| 14:42 | Queue | Villager (Male) |
| 14:42 | Queue | Villager (Male) |
| 14:48 | Build | House |
| 14:48 | Build | House |
| 14:58 | Queue | Militia |
| 15:02 | Queue | Archer |
| 15:02 | Queue | Archer |
| 15:20 | Build | Farm |
| 15:21 | Build | Farm |
| 15:24 | Build | Farm |
| 15:28 | Queue | Militia |
| 15:35 | Queue | Villager (Male) |
| 15:44 | Queue | Villager (Male) |
| 15:58 | Queue | Archer |
| 16:05 | Queue | Villager (Male) |
| 16:06 | Queue | Militia |
| 16:13 | Build | House |
| 16:14 | Build | House |
| 16:16 | Queue | Villager (Male) |
| 16:26 | Build | Farm |
| 16:27 | Build | Farm |
| 16:31 | Build | Farm |
| 16:35 | Build | Farm |
| 16:35 | Queue | Archer |
| 16:50 | Queue | Militia |
| 16:51 | Queue | Villager (Male) |
| 16:52 | Queue | Villager (Male) |
| 16:55 | Build | Palisade Wall |
| 16:56 | Build | Palisade Wall |
| 16:56 | Build | Palisade Wall |
| 16:57 | Build | Palisade Wall |
| 17:03 | Build | Palisade Wall |
| 17:04 | Build | Palisade Wall |
| 17:04 | Build | Palisade Wall |
| 17:08 | Queue | Villager (Male) |
| 17:11 | Build | Farm |
| 17:13 | Build | House |
| 17:31 | Queue | Archer |
| 17:35 | Build | House |
| 17:45 | Build | Farm |
| 18:08 | Queue | Archer |
| 18:16 | Build | Farm |
| 18:35 | Queue | Villager (Male) |
| 18:37 | Queue | Villager (Male) |
| 18:38 | Queue | Archer |
| 19:05 | Queue | Archer |
| 19:21 | Queue | Villager (Male) |
| 19:36 | Queue | Archer |
| 19:36 | Queue | Archer |
| 19:46 | Research | Castle Age |
| 19:56 | Queue | Archer |
| 20:15 | Research | Gold Mining |
| 20:17 | Queue | Archer |
| 20:20 | Build | Archery Range |
| 20:38 | Build | Farm |
| 20:43 | Queue | Villager (Male) |
| 20:44 | Queue | Villager (Male) |
| 20:48 | Build | Mining Camp |
| 20:56 | Queue | Archer |
| 21:02 | Build | Lumber Camp |
| 21:07 | Build | Lumber Camp |
Build order — 老爱国炸鱼号
First 150 of 336 actions detected
| 0:00 | Queue | Villager (Male) |
| 0:00 | Queue | Villager (Male) |
| 0:02 | Build | House |
| 0:04 | Build | House |
| 0:13 | Queue | Villager (Male) |
| 0:13 | Queue | Villager (Male) |
| 1:37 | Queue | Villager (Male) |
| 1:38 | Queue | Villager (Male) |
| 1:46 | Build | Lumber Camp |
| 2:00 | Queue | Villager (Male) |
| 2:55 | Queue | Villager (Male) |
| 3:20 | Queue | Villager (Male) |
| 3:21 | Queue | Villager (Male) |
| 3:50 | Build | House |
| 3:54 | Queue | Villager (Male) |
| 3:54 | Queue | Villager (Male) |
| 4:08 | Queue | Villager (Male) |
| 4:33 | Queue | Villager (Male) |
| 4:55 | Build | Palisade Wall |
| 4:59 | Build | Mill |
| 5:05 | Queue | Villager (Male) |
| 5:10 | Build | Palisade Wall |
| 5:52 | Build | Palisade Wall |
| 5:56 | Build | Palisade Wall |
| 6:15 | Research | Feudal Age |
| 7:02 | Queue | Villager (Male) |
| 7:25 | Build | House |
| 7:30 | Build | Barracks |
| 7:53 | Queue | Villager (Male) |
| 8:23 | Queue | Villager (Male) |
| 8:25 | Age | Feudal Age |
| 8:31 | Build | Stable |
| 8:38 | Research | Double-Bit Axe |
| 8:46 | Queue | Villager (Male) |
| 9:03 | Queue | Spearman |
| 9:11 | Build | House |
| 9:13 | Queue | Scout Cavalry |
| 9:34 | Queue | Villager (Male) |
| 9:48 | Build | Archery Range |
| 9:52 | Queue | Villager (Male) |
| 10:00 | Build | House |
| 10:09 | Queue | Scout Cavalry |
| 10:23 | Research | Loom |
| 10:36 | Queue | Skirmisher |
| 10:44 | Queue | Villager (Male) |
| 10:51 | Queue | Villager (Male) |
| 10:52 | Queue | Skirmisher |
| 10:56 | Queue | Villager (Male) |
| 10:57 | Build | Farm |
| 10:59 | Build | Farm |
| 11:09 | Build | House |
| 11:20 | Queue | Villager (Male) |
| 11:21 | Queue | Skirmisher |
| 11:31 | Build | Palisade Wall |
| 11:40 | Queue | Villager (Male) |
| 11:43 | Queue | Skirmisher |
| 11:47 | Queue | Villager (Male) |
| 11:55 | Build | Farm |
| 11:58 | Build | Farm |
| 12:09 | Queue | Villager (Male) |
| 12:10 | Queue | Scout Cavalry |
| 12:14 | Build | Farm |
| 12:29 | Queue | Skirmisher |
| 13:00 | Queue | Villager (Male) |
| 13:05 | Queue | Villager (Male) |
| 13:08 | Build | Farm |
| 13:09 | Build | Farm |
| 13:20 | Queue | Villager (Male) |
| 13:22 | Queue | Skirmisher |
| 13:27 | Build | House |
| 13:31 | Research | Wheelbarrow |
| 14:00 | Queue | Villager (Male) |
| 14:20 | Queue | Villager (Male) |
| 14:28 | Build | House |
| 14:34 | Build | Farm |
| 14:36 | Build | Farm |
| 14:39 | Build | Farm |
| 14:41 | Build | Farm |
| 14:54 | Build | Mining Camp |
| 14:55 | Queue | Villager (Male) |
| 15:23 | Queue | Villager (Male) |
| 15:50 | Queue | Villager (Male) |
| 16:01 | Queue | Villager (Male) |
| 16:10 | Build | Blacksmith |
| 16:15 | Research | Gold Mining |
| 16:24 | Build | Lumber Camp |
| 16:49 | Queue | Villager (Male) |
| 16:58 | Research | Castle Age |
| 17:02 | Research | Horse Collar |
| 17:26 | Research | Padded Archer Armor |
| 17:26 | Research | Padded Archer Armor |
| 17:49 | Build | Archery Range |
| 17:51 | Build | House |
| 17:57 | Research | Fletching |
| 17:59 | Queue | Archer |
| 18:18 | Queue | Archer |
| 18:42 | Queue | Archer |
| 19:02 | Queue | Archer |
| 19:04 | Build | House |
| 19:09 | Build | Palisade Gate |
| 19:30 | Queue | Archer |
| 19:30 | Queue | Archer |
| 19:38 | Age | Castle Age |
| 19:49 | Build | House |
| 19:55 | Queue | Archer |
| 19:55 | Queue | Archer |
| 20:04 | Queue | Archer |
| 20:21 | Queue | Villager (Male) |
| 20:23 | Research | Crossbowman (upgrade) |
| 20:27 | Research | Bodkin Arrow |
| 20:40 | Queue | Villager (Male) |
| 20:43 | Build | Farm |
| 20:48 | Build | Town Center |
| 20:56 | Queue | Archer |
| 20:56 | Queue | Archer |
| 20:58 | Queue | Villager (Male) |
| 21:28 | Queue | Villager (Male) |
| 21:38 | Queue | Villager (Male) |
| 21:41 | Build | House |
| 21:43 | Build | University |
| 21:48 | Research | Bow Saw |
| 21:50 | Research | Town Watch |
| 21:52 | Queue | Archer |
| 21:53 | Queue | Archer |
| 22:03 | Queue | Villager (Male) |
| 22:08 | Build | Siege Workshop |
| 22:14 | Queue | Villager (Male) |
| 22:24 | Queue | Villager (Male) |
| 22:26 | Build | Farm |
| 22:28 | Build | Farm |
| 22:30 | Queue | Villager (Male) |
| 22:33 | Build | Farm |
| 22:42 | Queue | Archer |
| 22:42 | Queue | Archer |
| 22:43 | Queue | Villager (Male) |
| 22:51 | Queue | Villager (Male) |
| 23:00 | Queue | Mangonel |
| 23:02 | Build | House |
| 23:03 | Queue | Villager (Male) |
| 23:08 | Queue | Villager (Male) |
| 23:30 | Queue | Villager (Male) |
| 23:39 | Build | House |
| 23:51 | Queue | Villager (Male) |
| 23:54 | Queue | Archer |
| 23:55 | Queue | Archer |
| 24:07 | Queue | Villager (Male) |
| 24:24 | Queue | Mangonel |
| 24:26 | Queue | Archer |
| 24:26 | Queue | Archer |
| 24:41 | Queue | Villager (Male) |
Match timeline
| 4:44 | 肥猪头 · first_building Barracks |
| 4:55 | 老爱国炸鱼号 · wall_segment Palisade Wall x1 |
| 5:10 | 老爱国炸鱼号 · wall_segment Palisade Wall x1 |
| 5:52 | 老爱国炸鱼号 · wall_segment Palisade Wall x1 |
| 5:56 | 老爱国炸鱼号 · wall_segment Palisade Wall x1 |
| 7:30 | 老爱国炸鱼号 · first_building Barracks |
| 8:25 | 老爱国炸鱼号 · age_up feudal |
| 8:31 | 老爱国炸鱼号 · first_building Stable |
| 9:26 | 肥猪头 · age_up feudal |
| 9:48 | 老爱国炸鱼号 · first_building Archery Range |
| 10:15 | 肥猪头 · wall_segment Palisade Wall x2 |
| 10:19 | 肥猪头 · wall_segment Palisade Wall x4 |
| 10:23 | 肥猪头 · wall_segment Palisade Wall x1 |
| 10:36 | 肥猪头 · first_building Archery Range |
| 10:38 | 肥猪头 · wall_segment Palisade Wall x1 |
| 10:39 | 肥猪头 · wall_segment Palisade Wall x1 |
| 10:40 | 肥猪头 · wall_segment Palisade Wall x1 |
| 10:42 | 肥猪头 · wall_segment Palisade Wall x1 |
| 11:31 | 老爱国炸鱼号 · wall_segment Palisade Wall x1 |
| 16:55 | 肥猪头 · wall_segment Palisade Wall x1 |
| 16:56 | 肥猪头 · wall_segment Palisade Wall x1 |
| 16:56 | 肥猪头 · wall_segment Palisade Wall x1 |
| 16:57 | 肥猪头 · wall_segment Palisade Wall x1 |
| 17:03 | 肥猪头 · wall_segment Palisade Wall x1 |
| 17:04 | 肥猪头 · wall_segment Palisade Wall x1 |
| 17:04 | 肥猪头 · wall_segment Palisade Wall x1 |
| 19:38 | 老爱国炸鱼号 · age_up castle |
| 21:26 | 肥猪头 · age_up castle |
| 21:30 | 肥猪头 · first_building Siege Workshop |
| 22:08 | 老爱国炸鱼号 · first_building Siege Workshop |
| 26:59 | 老爱国炸鱼号 · first_building Monastery |
| 28:21 | 肥猪头 · first_building Monastery |
| 30:39 | 老爱国炸鱼号 · first_market_sell 100 food |
| 33:40 | 老爱国炸鱼号 · first_building Castle |
| 34:51 | 老爱国炸鱼号 · age_up imperial |
| 35:40 | 肥猪头 · wall_segment Stone Wall x1 |
| 35:41 | 肥猪头 · wall_segment Stone Wall x1 |
| 35:41 | 肥猪头 · wall_segment Stone Wall x1 |
| 35:42 | 肥猪头 · wall_segment Stone Wall x4 |
| 37:00 | 肥猪头 · age_up imperial |
| 37:12 | 肥猪头 · first_building Castle |
| 38:55 | 肥猪头 · resign |
[ AI ANALYSIS · 1 CREDIT ]
What really happened in this match?
Wolo.gg analyzes every decision: build order, eco, micro, common mistakes by bracket. Personalized analysis on WhatsApp or Discord in 30 seconds.
Civ guide
Malay
Perfil
CNZS_Dadaya